 Dungeon Crawl Stone Soup version 0.26-a0-689-gc93c913f66 (webtiles) character file.

Game seed: 16154339555829149714

849 DogServant the Cleaver (level 8, -2/73 HPs)
             Began as a Hill Orc Fighter on Oct 23, 2020.
             Slain by an orc warrior
             ... wielding a +0 mace
              (11 damage)
             ... on level 6 of the Dungeon.
             The game lasted 00:06:44 (5538 turns).

DogServant the Cleaver (Hill Orc Fighter)           Turns: 5538, Time: 00:06:45

Health: -2/73      AC:  9    Str: 26      XL:     8   Next: 1%
Magic:  8/8        EV:  9    Int:  8      God:
Gold:   108        SH:  4    Dex:  9 (11) Spells: 7/7 levels left

rFire    . . .     SeeInvis +   a - +0 war axe
rCold    . . .     Faith    .   r - +0 buckler (curse)
rNeg     . . .     Spirit   .   b - +0 scale mail
rPois    .         Reflect  .   A - +1 helmet {SInv}
rElec    .         Harm     .   i - scarf {+Inv}
rCorr    .         Rampage  .   (no gloves)
MR       .....                  (no boots)
Stlth    +.........             y - amulet of regeneration
HPRegen  0.62/turn              f - +6 ring of strength
MPRegen  0.11/turn              x - ring of stealth

@: no status effects
A: no striking features
a: Evoke Invisibility


You were on level 6 of the Dungeon.
You visited 1 branch of the dungeon, and saw 7 of its levels.

You collected 355 gold pieces.
You spent 247 gold pieces at shops.

Inventory:

Hand Weapons
 a - a +0 war axe (weapon)
Armour
 b - a +0 scale mail (worn)
 c - a +0 kite shield
 i - a scarf of invisibility (worn)
 r - a cursed +0 buckler (worn)
 A - a +1 helmet of see invisible (worn)
Jewellery
 f - a +6 ring of strength (left hand)
 m - an uncursed ring of flight
 p - an uncursed amulet of faith
 x - a ring of stealth (right hand)
 y - an amulet of regeneration (around neck)
 z - an uncursed ring of protection from fire {unknown}
Wands
 s - a wand of disintegration (14)
Scrolls
 e - 2 scrolls of identify
 g - a scroll of amnesia {unknown}
 h - 2 scrolls of immolation {unknown}
 n - 3 scrolls of remove curse {unknown}
 v - a scroll of magic mapping {unknown}
 w - a scroll of enchant weapon {unknown}
 B - a scroll of vulnerability {unknown}
Potions
 d - a potion of might
 j - 2 potions of brilliance
 k - 2 potions of invisibility
 l - a potion of lignification
 o - a potion of mutation
 t - a potion of resistance
 u - 2 potions of degeneration


   Skills:
 - Level 7.0 Fighting
 + Level 8.7 Axes
 - Level 5.0 Armour
 - Level 3.2 Shields


You had 7 spell levels left.
You didn't know any spells.
Your spell library contained the following spells:

 Spells                   Type           Power        Failure   Level
 Animate Skeleton         Necr           #.....       71%         1
 Apportation              Tloc           #.....       71%         1
 Corona                   Hex            #......      71%         1
 Magic Dart               Conj           #...         71%         1
 Summon Small Mammal      Summ           #...         71%         1
 Blink                    Tloc           N/A          85%         2
 Call Imp                 Summ           #.......     85%         2
 Slow                     Hex            #.......     85%         2
 Conjure Flame            Conj/Fire      #.......     97%         3
 Mephitic Cloud           Conj/Pois/Air  #.......     97%         3


Dungeon Overview and Level Annotations

Branches:
Dungeon (7/15)
 Temple: D:4-7

Altars:
Ashenzari
Hepliaklqana
Kikubaaqudgha
Qazlal
Sif Muna
Trog
Xom

Shops:
D:5 *(!:[

Annotations:
D:5 2 transporters, Shaidar's ghost, novice DrFi
D:6 exclusion: centaur


Message History

The orc warrior is severely wounded.
The orc warrior hits you with a +0 mace!
You hit the orc warrior.
The orc warrior is almost dead.
The orc warrior hits you with a +0 mace!
* * * LOW HITPOINT WARNING * * *
You feel better.
The orc warrior hits you with a +0 mace.
* * * LOW HITPOINT WARNING * * *
You hit the orc warrior but do no damage.
The orc warrior is almost dead.
You block the orc warrior's attack.
You completely miss the orc warrior.
The orc warrior is almost dead.
The orc warrior hits you with a +0 mace!
* * * LOW HITPOINT WARNING * * *
You closely miss the orc warrior.
The orc warrior is almost dead.
The orc warrior hits you with a +0 mace!
You die...

.###......≈≈≈≈##### #.#
.####.)88≈≈≈≈≈88..#####.###
.##................#......#
.##................#.##.#.#
.#.....88≈≈≈≈≈88....))<(#.#
......(#≈≈≈≈≈....##..####.#
.#..##.#≈≈≈≈≈....##..####.#
....#...≈≈≈≈....o##.......#
.#..#..≈≈≈≈≈....@##.#######
#...#.#≈≈≈≈≈...).##.#
##.....≈≈≈≈......##.#
#..#.#≈≈≈≈########.#####
#..#.≈≈≈≈≈# #.....#
#....≈≈≈≈≈# #####.#
##.##≈≈≈≈######### #.#
#.##≈≈≈≈##......# #.#
###...≈≈≈≈##.#.##.#####.#


You could see an orc warrior.

Vanquished Creatures
  An orc warrior (D:6)
  An ice beast (D:5)
  A centaur (D:6)
  A wyvern zombie (D:6)
  2 bullfrogs (D:6)
  A howler monkey (D:5)
  A hound (D:5)
  A quasit (D:6)
  A bullfrog skeleton (D:6)
  2 iguanas
  A hound skeleton (D:4)
  Robin (D:4)
  3 gnolls (D:2)
  5 adders
  An ufetubus (D:5)
  An ooze (D:2)
  4 worms
  2 dart slugs (D:1)
  3 leopard geckos
  7 orcs
  5 giant cockroaches
  19 goblins
  8 hobgoblins
  A jackal (D:4)
  2 quokkas
  9 bats
  6 frilled lizards
  8 kobolds
  A leopard gecko zombie (D:5)
  5 rats
104 creatures vanquished.

Notes
Turn   | Place    | Note
-------+----------+-------------------------------------------
     0 | D:1      | DogServant the Hill Orc Fighter began the quest for the
                  | Orb.
     0 | D:1      | Reached XP level 1. HP: 19/19 MP: 1/1
    56 | D:1      | Reached skill level 3 in Axes
   224 | D:1      | Reached XP level 2. HP: 27/27 MP: 2/2
   690 | D:1      | Reached XP level 3. HP: 27/34 MP: 3/3
  1203 | D:1      | Reached skill level 4 in Axes
  1339 | D:2      | Reached XP level 4. HP: 16/41 MP: 4/4
  1366 | D:2      | Reached skill level 5 in Fighting
  2042 | D:2      | Found a stormy altar of Qazlal.
  2044 | D:2      | Found a hide-covered altar of Uskayaw.
  2044 | D:2      | Found an ancient bone altar of Kikubaaqudgha.
  2046 | D:2      | Found a shimmering altar of Xom.
  2046 | D:2      | Found an ancient bone altar of Kikubaaqudgha.
  2046 | D:2      | Found a hazy altar of Hepliaklqana.
  2056 | D:2      | Reached skill level 5 in Axes
  2056 | D:2      | Reached XP level 5. HP: 42/48 MP: 5/5
  2552 | D:3      | You fall into a shaft and drop 2 floors!
  2552 | D:5      | Entered Level 5 of the Dungeon
  2685 | D:4      | Noticed Robin
  2709 | D:4      | Killed Robin
  3066 | D:4      | Found a stormy altar of Qazlal.
  3740 | D:5      | Reached XP level 6. HP: 57/57 MP: 6/6
  3769 | D:5      | Found a transporter.
  3769 | D:5      | Noticed Shaidar's ghost (novice DrFi)
  3773 | D:5      | Found a transporter.
  3786 | D:5      | Found Racel's Assorted Antiques.
  3808 | D:5      | Found Homimnas's Antique Weapon Emporium.
  3812 | D:5      | Found Sufam's Book Shop.
  3892 | D:5      | Found Igeuts's Distillery.
  3961 | D:5      | Noticed an ice beast
  3972 | D:5      | Killed an ice beast
  3972 | D:5      | Reached skill level 6 in Axes
  4076 | D:5      | Found a broken altar of Ashenzari.
  4136 | D:5      | Found Neuvidgh's Armour Shop.
  4214 | D:5      | Found a shimmering blue altar of Sif Muna.
  4486 | D:6      | Reached XP level 7. HP: 16/64 MP: 7/7
  4821 | D:5      | Bought a +1 helmet of see invisible for 247 gold pieces
  4839 | D:6      | Reached skill level 5 in Armour
  4951 | D:6      | Noticed a boulder beetle
  4994 | D:6      | Reached skill level 7 in Axes
  5155 | D:6      | Reached skill level 8 in Axes
  5181 | D:6      | Reached XP level 8. HP: 70/73 MP: 8/8
  5517 | D:7      | Found a bloodstained altar of Trog.
  5538 | D:6      | Slain by an orc warrior

Illustrated notes

Levels and vault maps discovered:
D:1:      elethiomel_arrival_infinity_welcomes_careful_drivers, layout_basic,
          chequers_serial_rivers_micro_a, minmay_misc_feat_five
D:2:      layout_rooms, doesnt_xom_only_xom
D:3:      layout_basic
D:4:      layout_basic, marbit_many_paths, kennysheep_generic_room_6, uniq_robin
D:5:      layout_gridville, nicolae_overflow_crystal_walls,
          kennysheep_mini_moat, gammafunk_ghost_hive, serial_shops,
          kennysheep_little_box, shop, shop_statue, shop, shop
D:6:      wander_river, layout_loops_cross, lightli_corner_chamber
D:7:      layout_cave_pools, lemuel_doored_altar,
          minmay_temple_entry_enclosed_plants, trog_ov_bears_minmay

Skill      XL: |  1  2  3  4  5  6  7 |
---------------+----------------------+-----
Axes           | 3 4 5 6 8 |  8.7
Fighting       | 4 5 6 7 |  7.0
Armour         | 4 5 |  5.0
Shields        | |  3.2

Action                   |  1- 3 |  4- 6 |  7- 9 || total
-------------------------+-------+-------+-------++-------
Melee: War axe           |    98 |   182 |    48 ||   328
  Use: Scroll            |       |     7 |       ||     7
       Potion            |       |       |     1 ||     1
Armor: Scale mail        |    40 |    72 |     9 ||   121
Dodge: Dodged            |    30 |    61 |    24 ||   115
Block: Kite shield       |    51 |    78 |       ||   129
       Buckler           |       |     8 |    10 ||    18

Table legend: (Time is in decaauts)
 A = Elapsed time spent in this place.
 B = Non-inter-level travel time spent in this place.
 C = Inter-level travel time spent in this place.
 D = Time resting spent in this place.
 E = Time spent auto-exploring this place.
 F = Levels seen in this place.
 G = Mean time per level.
                   A        B        C        D        E       F      G
               +--------+--------+--------+--------+--------+-----+--------+
         Total |   5678 |   5467 |    211 |    868 |   3821 |   7 |  811.1 |
       Dungeon |   5678 |   5467 |    211 |    868 |   3821 |   7 |  811.1 |
               +--------+--------+--------+--------+--------+-----+--------+

Top non-repeatable levels by time:
     D:1: 1354 daAuts
     D:4: 1169 daAuts
     D:6: 1123 daAuts
     D:2: 1048 daAuts
     D:5: 758 daAuts
     D:3: 218 daAuts
     D:7: 5 daAuts
